 Dungeon Crawl Stone Soup version 0.29-a0-362-g5854e031c7 (webtiles) character file.

Game seed: 17474776633751645498

593 Hubjo the Firebug (level 7, -1/36 HPs)
             Began as a Deep Elf Fire Elementalist on Apr 29, 2022.
             Slain by a yak (12 damage)
             ... on level 5 of the Dungeon.
             The game lasted 00:11:05 (6409 turns).

Hubjo the Firebug (Deep Elf Fire Elementalist)      Turns: 6409, Time: 00:11:05

Health: -1/36      AC:  4    Str:  5    XL:     7   Next: 16%
Magic:  0/17       EV: 13    Int: 20    God:
Gold:   215        SH:  0    Dex: 20    Spells: 4/16 levels left

rFire   . . .      SeeInvis .   y - +2 dagger (venom)
rCold   . . .      Faith    .   (no shield)
rNeg    . . .      Spirit   +   a - +0 robe
rPois   +          Reflect  .   p - +0 hat
rElec   .          Harm     .   (no cloak)
rCorr   .          Rampage  .   c - +1 pair of gloves {Dex+3}
Will    .....                   (no boots)
Stlth   +++.......              s - amulet of guardian spirit
HPRegen 0.12/turn               r - ring of poison resistance
MPRegen 0.15/turn               (no ring)

@: about to teleport
A: reduced essence
a: no special abilities


You were on level 5 of the Dungeon.
You visited 2 branches of the dungeon, and saw 6 of its levels.

You collected 215 gold pieces.

Inventory:

Hand Weapons
 j - a +0 short sword
 v - a +1 short sword of venom
 y - a +2 dagger of venom (weapon)
Armour
 a - a +0 robe (worn)
 c - a +1 pair of gloves of dexterity (worn)
 p - a +0 hat (worn)
Magical Staves
 B - a staff of fire
Jewellery
 r - a ring of poison resistance (left hand)
 s - an amulet of guardian spirit (around neck)
 A - an amulet of guardian spirit
Wands
 n - a wand of iceblast (4)
Scrolls
 d - 3 scrolls of enchant armour
 h - 3 scrolls of fog
 i - 3 scrolls of teleportation
 l - 2 scrolls of immolation
 o - a scroll of fear {unknown}
 t - a scroll of enchant weapon {unknown}
 w - 2 scrolls of amnesia
 C - a scroll of vulnerability {unknown}
 D - 3 scrolls of magic mapping {unknown}
Potions
 b - a potion of magic
 e - 2 potions of heal wounds {unknown}
 f - a potion of might {unknown}
 g - a potion of brilliance {unknown}
 k - a potion of cancellation {unknown}
 q - 3 potions of curing {unknown}
 u - a potion of lignification {unknown}
 x - a potion of degeneration {unknown}
 z - a potion of berserk rage {unknown}


   Skills:
 + Level 2.8 Fighting
 - Level 2.9 Dodging
 + Level 5.0 Stealth
 - Level 5.3 Spellcasting
 - Level 1.6 Conjurations
 * Level 0.0 Summonings
 + Level 5.7 Fire Magic


You had 4 spell levels left.
You knew the following spells:

 Your Spells              Type           Power      Damage    Failure   Level
a - Foxfire               Conj/Fire      80%        2x1d8     2%          1
b - Flame Wave            Conj/Fire      20%        2d7       24%         4
c - Monstrous Menagerie   Summ           2%         N/A       100%        7

Your spell library contained the following spells:

 Spells                   Type           Power      Damage    Failure   Level
 Scorch                   Fire           56%        2d7       1%          2
 Conjure Flame            Conj/Fire      20%        6-21      8%          3
 Inner Flame              Hex/Fire       16%        N/A       11%         3
 Summon Ice Beast         Ice/Summ       5%         N/A       73%         4
 Summon Mana Viper        Hex/Summ       5%         N/A       97%         5


Dungeon Overview and Level Annotations

Branches:
Dungeon (5/15)             Temple (1/1) D:5

Altars:
Ashenzari
Cheibriados
Elyvilon
Gozag
Hepliaklqana
Kikubaaqudgha
Makhleb
Nemelex Xobeh
Okawaru
Qazlal
Ru
Sif Muna
Uskayaw
Vehumet
Wu Jian
Xom
Yredelemnul
Zin

Shops:
D:1 =   D:3 =


Message History

A wave of flame ripples out!
The flame wave engulfs your hound.
Your hound is moderately wounded.
The flame wave engulfs the yak!
The yak is moderately wounded.
The flame wave engulfs your jelly!
You kill your jelly!
Your jelly dissolves into shadows! (Press . to intensify the flame waves.)
Your hound dissolves into shadows!
Your adder bites the yak.
The yak is poisoned.
Your adder poisons the yak!
A wave of flame ripples out!
The flame wave engulfs the yak!
The yak is moderately wounded.
The flame wave engulfs the yak.
The yak is moderately wounded.
The flame wave engulfs the yak.
The yak is lightly wounded.
The flame wave engulfs the yak.
The yak is moderately wounded.
The yak barely misses your adder. The yak gores you.
Your adder closely misses the yak.
Really fire at your adder?
A wave of flame ripples out!
The flame wave engulfs the yak.
The yak is moderately wounded.
The flame wave engulfs the yak.
The yak is moderately wounded.
The flame wave engulfs the yak but does no damage.
The yak is moderately wounded.
The flame wave engulfs your adder!
Your adder is severely wounded.
The flame wave engulfs the yak.
The yak is heavily wounded.
You finish channelling waves of flame.
Your adder dissolves into shadows!
The yak barely misses you. x2; The yak gores you.
As you read the scroll of teleportation, it crumbles to dust.
You feel strangely unstable. The yak gores you! The yak barely misses you.
The yak closely misses you. x2
The yak attacks as you move away! The yak gores you but does no damage.
The yak gores you. The yak gores you!
You die...

###### #.##......# #.#
#.##......# #.#
###########..#......###+###
#......).....#.............
#..........................
#..............###'#.......
#...).)†...<...# #.#.......
#....)....YY.#.# #.#.......
.(.........@YY#.#
#.#.......
....###########.#
#.#....... .Y.. #>#
#.####'### ... ### #.# #.#
.. #.# #.# #.# #.### #.#
#...# #.######.# #........#


You could see 4 yaks.

Vanquished Creatures
  A yak (D:5)
  2 black bears (D:5)
  An ogre (D:5)
  A centaur (D:5)
  A kobold brigand (D:5)
  A hound (D:4)
  An orc priest (D:4)
  2 orc wizards (D:4)
  2 adders
  An ufetubus (D:5)
  A dart slug (D:5)
  11 orcs
  4 ball pythons
  3 endoplasms
  2 giant cockroaches (D:4)
  7 goblins
  8 hobgoblins
  4 jackals
  12 kobolds
  3 quokkas
  3 bats
  3 frilled lizards
74 creatures vanquished.

Vanquished Creatures (collateral kills)
  A centaur (D:5)
  A scorpion (D:4)
  A howler monkey (D:5)
  Jessica (D:2)
  An iguana (D:5)
  An adder (D:4)
  An orc (D:5)
  A giant cockroach (D:1)
  3 hobgoblins
  A jackal (D:4)
12 creatures vanquished.

Vanquished Creatures (others)
  424 foxfires
424 creatures vanquished.

Grand Total: 510 creatures vanquished

Notes
Turn   | Place    | Note
-------+----------+-------------------------------------------
     0 | D:1      | Hubjo the Deep Elf Fire Elementalist began the quest for
                  | the Orb.
     0 | D:1      | Reached XP level 1. HP: 10/10 MP: 6/6
     1 | D:1      | Found a faded altar of an unknown god.
    65 | D:1      | Prayed at the altar of an unknown god.
    65 | D:1      | Became a worshipper of Hepliaklqana the Forgotten
    65 | D:1      | Reached * piety under Hepliaklqana
   129 | D:1      | Found Cenoluso's Jewellery Shoppe.
   196 | D:1      | Reached XP level 2. HP: 13/13 MP: 2/8
  1152 | D:2      | Reached XP level 3. HP: 17/17 MP: 5/9
  1205 | D:2      | Noticed Jessica
  1221 | D:2      | Killed Jessica
  1683 | D:2      | Reached skill level 1 in Fighting
  1763 | D:2      | Reached ** piety under Hepliaklqana
  1764 | D:2      | Remembered your ancestor Hubjo as a knight
  1935 | D:3      | Reached XP level 4. HP: 22/22 MP: 7/11
  2620 | D:3      | Found an ornate altar of the Wu Jian Council.
  2621 | D:3      | Found a sparkling altar of Nemelex Xobeh.
  2963 | D:3      | Found Potwoin's One-of-a-Kind Rings.
  3445 | D:4      | Reached *** piety under Hepliaklqana
  3854 | D:4      | Noticed a scorpion
  3858 | D:4      | Killed a scorpion
  3859 | D:4      | Reached XP level 5. HP: 27/27 MP: 8/13
  3933 | D:4      | Learned a level 4 spell: Flame Wave
  4197 | D:4      | Reached XP level 6. HP: 17/31 MP: 0/14
  4439 | D:5      | Entered Level 5 of the Dungeon
  4569 | D:5      | Reached skill level 5 in Fire Magic
  4660 | D:5      | Reached skill level 5 in Spellcasting
  4885 | D:5      | Reached XP level 7. HP: 36/36 MP: 10/16
  4961 | D:5      | Reached skill level 5 in Stealth
  5018 | D:5      | Found a staircase to the Ecumenical Temple.
  5029 | D:5      | Found an iron altar of Okawaru.
  5051 | Temple   | Entered the Ecumenical Temple
  5319 | Temple   | Fell from the grace of Hepliaklqana
  5544 | D:5      | Learned a level 7 spell: Monstrous Menagerie
  5783 | D:5      | Found a sacrificial altar of Ru.
  5863 | D:5      | Noticed a yak
  5868 | D:5      | Noticed a yak
  5876 | D:5      | Killed a yak
  5878 | D:5      | Noticed a yak
  6195 | D:5      | Noticed a yak
  6200 | D:5      | Noticed a yak
  6409 | D:5      | Slain by a yak

Illustrated notes

Levels and vault maps discovered:
D:1:      dpeg_arrival_lava_altar, layout_rooms, serial_shops,
          nicolae_shop_hallway_plus, basic_ecumenical_altar,
          minmay_small_reverse_x
D:2:      layout_loops_cross, uniq_jessica
D:3:      layout_basic, grunt_temple_overflow_open, nicolae_shop_unique_rings
D:4:      layout_cave_pods
D:5:      layout_basic, okawaru_trees_1, kennysheep_mini,
          minmay_temple_entry_trees
Temple:   eino_temple_water

Skill      XL: |  1  2  3  4  5  6  7 |
---------------+----------------------+-----
Stealth        | 3 4 5 |  5.0
Fighting       | 1 2 |  2.8
Spellcasting   | 4 5 |  5.3
Fire Magic     | 4 5 |  5.7
Dodging        | |  2.9
Conjurations   | |  1.6

Action                   |  1- 3 |  4- 6 |  7- 9 || total
-------------------------+-------+-------+-------++-------
Melee: Unarmed           |    15 |       |       ||    15
       Short sword       |     4 |     9 |     1 ||    14
       Punch             |       |     1 |       ||     1
       Dagger            |       |       |     7 ||     7
 Cast: Foxfire           |    76 |   134 |    60 ||   270
       Flame Wave        |       |       |     1 ||     1
Invok: Ancestor Identity |     2 |       |       ||     2
       Ancestor Life: Kn |     1 |       |       ||     1
       Renounce Religion |       |       |     1 ||     1
Evoke: Wand              |       |     1 |       ||     1
  Use: Scroll            |     3 |     2 |     3 ||     8
Armor: Robe              |     4 |     3 |     2 ||     9
Dodge: Dodged            |    18 |     7 |    12 ||    37

Table legend: (Time is in decaauts)
 A = Elapsed time spent in this place.
 B = Non-inter-level travel time spent in this place.
 C = Inter-level travel time spent in this place.
 D = Time resting spent in this place.
 E = Time spent auto-exploring this place.
 F = Levels seen in this place.
 G = Mean time per level.
                   A        B        C        D        E       F      G
               +--------+--------+--------+--------+--------+-----+--------+
         Total |   6409 |   6218 |    191 |      0 |   5339 |   6 | 1068.2 |
       Dungeon |   6088 |   5897 |    191 |      0 |   5147 |   5 | 1217.6 |
        Temple |    320 |    320 |      0 |      0 |    192 |   1 |  320.0 |
               +--------+--------+--------+--------+--------+-----+--------+

Top non-repeatable levels by time:
     D:5: 1545 daAuts
     D:4: 1324 daAuts
     D:3: 1290 daAuts
     D:1: 1103 daAuts
     D:2: 824 daAuts
  Temple: 320 daAuts
